Cogmind - Beta 16 --- EXPLORER MODE // 2025.12.26 @ 10:53:35 Player: K.K.Y. Result: Destroyed by Y-45 Defender with Beam Rifle Performance ------------- Evolutions (0) 0 Regions Visited (4) 800 Robots Destroyed (44) 220 Value Destroyed (1190) 1190 Prototype IDs (12) 240 Alien Tech Used (0) 0 Bonus (0) 0 TOTAL SCORE: 2450 Bonus ------- None Cogmind --------- Core Integrity 0/250 Matter 285/300 Energy 170/170 System Corruption 3% Temperature Cool (9) Movement Core (550) Ox10 Location -8/Recycling Parts ------- > --- POWER (1) -------- Makeshift Power Source > --- PROPULSION (2) --- (None) > --- UTILITY (3) ------ Improved Heat Sink Large Storage Unit > --- WEAPON (2) ------- Riot Gun Makeshift Axe (fused) > --- INVENTORY (15) --- Meta Core Huge Storage Unit Huge Storage Unit Humpback Weight Redist. System Faulty Experimental Sensor Array Light Armor Plating Makeshift Light Armor Plating Makeshift Hacking Suite Bomb Drone Bay Dirty Datajack (20) Mining Laser Multitool Peak State ------------ > --- POWER ------------ Makeshift Power Source > --- PROPULSION ------- Improved Treads Improved Treads > --- UTILITY ---------- Improved Heat Sink Large Storage Unit Structural Scanner > --- WEAPON ----------- Riot Gun Makeshift Axe > --- INVENTORY -------- Meta Core Huge Storage Unit Huge Storage Unit Humpback Weight Redist. System Experimental Sensor Array Light Armor Plating Makeshift Hacking Suite Bomb Drone Bay Autobeam Dirty Datajack Mining Laser [Rating: 25] Favorites ----------- Power Makeshift Power Source Engine Makeshift Power Source Power Core Light Nuclear Core Propulsion Improved Treads Treads Improved Treads Utility Large Storage Unit Device Structural Scanner Storage Large Storage Unit Weapon Makeshift Axe Energy Gun Riot Gun Ballistic Gun Assault Rifle Special Weapon Mining Laser Slashing Weapon Makeshift Axe Build | -11 -10 -10 -10 -8 ------- Run | Yrd Mat Min Sub Rec Slots Evolved 1 | . 1 . . . Power . | . . . . . Propulsion . | . . . . . Utility 1 | . 1 . . . Weapon . | . . . . . Parts Attached 25 | 7 4 . 14 . Power 4 | 1 . . 3 . Engine 3 | 1 . . 2 . Core 1 | . . . 1 . Reactor . | . . . . . Propulsion 6 | 2 2 . 2 . Treads 6 | 2 2 . 2 . Leg . | . . . . . Wheel . | . . . . . Hover . | . . . . . Flight . | . . . . . Utility 5 | 2 1 . 2 . Device 3 | 1 . . 2 . Storage 2 | 1 1 . . . Processor . | . . . . . Hackware . | . . . . . Protection . | . . . . . Artifact . | . . . . . Weapon 10 | 2 1 . 7 . Energy Gun 3 | . . . 3 . Energy Cannon . | . . . . . Ballistic Gun 4 | 2 1 . 1 . Ballistic Cannon . | . . . . . Launcher . | . . . . . Special Weapon 2 | . . . 2 . Impact Weapon . | . . . . . Slashing Weapon 1 | . . . 1 . Piercing Weapon . | . . . . . Special Melee Weapon . | . . . . . Unidentified Prototypes . | . . . . . Parts Lost 13 | . . . 13 . Power 2 | . . . 2 . Propulsion 4 | . . . 4 . Utility 2 | . . . 2 . Weapon 5 | . . . 5 . Highest Loss Streak 3 | . . . 3 . To Critical Strikes 1 | . . . 1 . Average Backups 11 | 3 4 9 12 13 Power . | . . 1 . . Propulsion . | . . 2 . . Utility 7 | 2 3 5 8 9 Weapon 1 | . 1 1 1 1 Tool/Special . | . . . . . Unused Backups 12 | . . . . 12 Power . | . . . . . Propulsion . | . . . . . Utility 9 | . . . . 9 Weapon . | . . . . . Tool/Special 3 | . . . . 3 Average Slot Usage (%) 78 | . 85 87 77 62 Engine 10 | . 12 12 10 12 Treads 14 | . 23 25 13 . Device 14 | . 12 12 15 12 Storage 12 | . 12 12 12 12 Energy Gun 5 | . . . 6 12 Ballistic Gun 8 | . 25 25 6 . Slashing Weapon 8 | . . . 9 12 Peak Build Rating 25 | 7 11 13 25 21 Average Rating 17 | 4 8 11 19 21 On Entrance 10 | . 7 11 13 21 Avg Prop Armor Cover (%) . | . . . . . Naked Turns . | . . . . . Heaviest Build 34 | 19 31 31 34 31 Greatest Support 46 | 40 46 46 46 3 Greatest Overweight (x) 10 | 4 10 . 10 10 Average Overweight (x) 1 | . . . 2 10 Largest Inventory Capacity 15 | 10 15 15 15 15 Average Capacity 14 | 9 14 15 15 15 Most Carried 15 | 7 11 12 15 15 Average Carried 13 | 3 4 10 14 15 Final Capacity 15 | 10 15 15 15 15 Final Carried 15 | 3 9 12 15 15 Class Distribution -------------------- 100% | Hacker-Mutant Dominant Class ---------------- Hacker-Mutant | -10/Materials Hacker-Mutant | -10/Mines Hacker-Mutant | -10/Subcaves Hacker-Mutant | -8/Recycling Resources | -11 -10 -10 -10 -8 ----------- Run | Yrd Mat Min Sub Rec Matter Collected 867 | 224 236 30 377 . Remotely . | . . . . . Salvage Created 1551 | 79 353 33 993 93 Parts 111 | 10 25 5 69 2 Haulers Intercepted 1 | . 1 . . . Recyclers Shooed 1 | . 1 . . . Parts Field Recycled . | . . . . . Retrieved Matter . | . . . . . Parts Self-Destructed . | . . . . . Prevented . | . . . . . Parts Restored . | . . . . . Kills | -11 -10 -10 -10 -8 ------- Run | Yrd Mat Min Sub Rec Combat Hostiles Destroyed 34 | . 7 2 25 . Melee 13 | . . . 13 . Guns 17 | . 7 2 8 . Cannons 3 | . . . 3 . Classes Destroyed 11 | 2 5 . 4 . Worker 2 | . 2 . . . Tunneler 2 | 2 . . . . Hauler 1 | . 1 . . . Recycler 3 | 1 1 . . 1 Turret 1 | . . . 1 . Watcher 1 | . 1 . . . Swarmer 8 | . 4 2 2 . Grunt 5 | . 3 . 2 . Sentry 1 | . . . 1 . Artisan 1 | . . . 1 . Subdweller 20 | . . . 20 . Best Kill Streak 5 | 3 5 2 3 1 Combat Bots Only 5 | . 5 2 3 . Max Kills in Single Turn 2 | 1 2 1 1 1 Gunslinging 1 | . 1 . . . Exploded . | . . . . . Melee 1 | . . . 1 . Uniques/NPCs Destroyed . | . . . . . Combat | -11 -10 -10 -10 -8 -------- Run | Yrd Mat Min Sub Rec Hostile Shots Fired 197 | . 26 4 156 11 Missed 52 | . 7 1 42 2 Hits 145 | . 19 3 114 9 Projectile 145 | . 19 3 114 9 AOE 4 | . . . 4 . Critical Strikes 1 | . . . 1 . Damage Taken 1737 | . 98 15 1541 83 Core 257 | . 32 . 186 39 Absorbed by Shields . | . . . . . Ignored by Resistances 896 | . 70 11 766 49 Core Remaining (%) 100 | 100 . . . . Volleys Fired 104 | 5 25 2 72 . Largest 2 | 2 2 2 2 . Hottest 123 | 40 43 43 123 . Shots Fired 163 | 10 50 4 98 1 Gun 140 | 10 50 4 75 1 Cannon . | . . . . . Launcher . | . . . . . Special 23 | . . . 23 . Kinetic 116 | 10 50 4 52 . Thermal 26 | . . . 26 . Explosive . | . . . . . Electromagnetic 21 | . . . 20 1 Robot Hit Streak 34 | 5 23 27 32 34 Robot Miss Streak 4 | 1 2 . 4 . Penetration Max . | . . . . . Secondary Targets 1 | . 1 . . . Max Gunslinging Chain 1 | . 1 . . . Autonomous 3 | . . . 3 . Shots Hit Robots 147 | 7 44 4 91 1 Core Hits 65 | 5 14 2 42 2 Critical Kills . | . . . . . Critical Parts Destroyed . | . . . . . Critical Strikes 1 | . . . 1 . Burn 1 | . . . 1 . Melee Attacks 117 | . . . 117 . Impact . | . . . . . Slashing 117 | . . . 117 . Piercing . | . . . . . Sneak Attacks . | . . . . . Combat Hostiles . | . . . . . Follow-up Attacks . | . . . . . Damage Inflicted 2973 | 69 616 59 2204 25 Guns 1622 | 69 616 54 858 25 Cannons . | . . . . . Explosions 67 | . . . 67 . Melee 1136 | . . . 1136 . Ramming 6 | . . 5 1 . Kinetic 1249 | 69 616 54 510 . Thermal 267 | . . . 267 . Explosive . | . . . . . Electromagnetic 315 | . . . 290 25 Impact . | . . . . . Slashing 1136 | . . . 1136 . Piercing . | . . . . . Highest Corruption 3 | . . . 3 3 Average Corruption 3 | . . . 3 3 Corruption Purged . | . . . . . Corruption Blocked . | . . . . . Effects 61 | . . . 56 5 Message Errors 12 | . . . 10 2 Matter Fused 11 | . . . 9 2 Heat Flow Errors 8 | . . . 8 . Energy Discharges 7 | . . . 7 . Parts Fused 1 | . . . 1 . Data Loss (minor) 12 | . . . 12 . Data Loss (major) 5 | . . . 5 . Misfires 4 | . . . 3 1 Alerts 1 | . . . 1 . Overload Shots . | . . . . . Overflow Damage . | . . . . . Projectiles . | . . . . . Explosions . | . . . . . Melee . | . . . . . Knockbacks . | . . . . . Impact . | . . . . . Kinetic . | . . . . . Secondary . | . . . . . Self-Inflicted Damage 29 | . . . 29 . Shots 1 | . . . 1 . Rammed 2 | . . 1 1 . Targets Rammed 2 | . . 1 1 . Kicked . | . . . . . Crushed . | . . . . . Highest Temperature 239 | . . . 239 . Average Temperature 88 | . . . 88 . Received Heat Transfer 351 | . 54 . 252 45 Siege Activations . | . . . . . Martial Activations . | . . . . . Shielding Activations . | . . . . . Robots Disrupted . | . . . . . Combat Hostiles . | . . . . . Robots Corrupted 1 | . . . 1 . Combat Hostiles 1 | . . . 1 . Parts Fried 3 | . . . 3 . Impact Corruptions . | . . . . . Robots Melted . | . . . . . Combat Hostiles . | . . . . . Parts Melted 1 | . . . 1 . Heat Transferred 845 | . . . 845 . Parts Sabotaged . | . . . . . Parts Stolen . | . . . . . Parts Stripped . | . . . . . Power Chain Reactions 1 | . . . 1 . Alert | -11 -10 -10 -10 -8 ------- Run | Yrd Mat Min Sub Rec Maximum Alert Level . | . . . . . Low Security (%) 100 | 100 100 100 . 100 Level 1 . | . . . . . Level 2 . | . . . . . Level 3 . | . . . . . Level 4 . | . . . . . Level 5 . | . . . . . High Security . | . . . . . Max Security . | . . . . . Peak Influence 122 | 10 122 50 . 5 Initial 2 | . 2 . . . Average 12 | 2 32 2 . . Influence Increases 430 | 15 230 50 130 5 Destroy 0b10 Robot/C 300 | . 140 40 120 . Destroy 0b10 Robot/NC 45 | 15 25 . . 5 Destroy Leader 54 | . 34 10 10 . Successful Hack 30 | . 30 . . . Destroy Structure 1 | . 1 . . . Influence Decreases 430 | 10 235 50 130 5 Entered New Map 3 | . 3 . . . Time Decay 422 | 10 232 50 125 5 Lost Part 5 | . . . 5 . Squads Dispatched 2 | . 2 . . . Investigation 2 | . 2 . . . Extermination . | . . . . . Reinforcement . | . . . . . Assault . | . . . . . Garrison . | . . . . . Intercept . | . . . . . Searches Triggered . | . . . . . Construction Impeded . | . . . . . Haulers Reinforced . | . . . . . Active Scanning Responses . | . . . . . Cargo Convoy Interrupts . | . . . . . Stealth | -11 -10 -10 -10 -8 --------- Run | Yrd Mat Min Sub Rec Distress Signals . | . . . . . Communications Jammed . | . . . . . Distress Signals . | . . . . . Times Spotted 39 | . 9 2 27 1 Peak Tracking Total 4 | . 4 2 3 1 Tactical Retreats 1 | . . . 1 . Traps | -11 -10 -10 -10 -8 ------- Run | Yrd Mat Min Sub Rec Traps Triggered . | . . . . . Indirectly . | . . . . . Trap Hack Attempts . | . . . . . Triggered . | . . . . . Disarmed . | . . . . . Reprogrammed . | . . . . . Reused . | . . . . . Traps Extracted . | . . . . . Installed . | . . . . . Triggered . | . . . . . Machines | -11 -10 -10 -10 -8 ---------- Run | Yrd Mat Min Sub Rec Machines Disabled 1 | . . . 1 . Max in Single Turn 1 | . . . 1 . Machines Repaired . | . . . . . Machines Dismantled . | . . . . . Machines Sabotaged . | . . . . . Overloaded Fab Kills . | . . . . . Hacking | -11 -10 -10 -10 -8 --------- Run | Yrd Mat Min Sub Rec Machines Accessed 6 | . 3 1 2 . Terminals 2 | . 2 . . . Fabricators . | . . . . . Repair Stations . | . . . . . Recycling Units 1 | . 1 . . . Scanalyzers . | . . . . . Garrison Access . | . . . . . Total Hacks 15 | . 8 1 6 . Successful 12 | . 5 1 6 . Failed 3 | . 3 . . . Catastrophic . | . . . . . Database Lockouts . | . . . . . Manual 5 | . 5 . . . Terminals 5 | . 5 . . . Fabricators . | . . . . . Repair Stations . | . . . . . Recycling Units 3 | . 3 . . . Scanalyzers . | . . . . . Garrison Access . | . . . . . Terminal Hacks 10 | . 3 1 6 . Record 5 | . . . 5 . Robot Analysis 3 | . 3 . . . Open Door 1 | . . 1 . . Proto ID Catalog 1 | . . . 1 . Fabricator Hacks . | . . . . . Repair Station Hacks . | . . . . . Recycling Unit Hacks 1 | . 1 . . . Retrieve Components 1 | . 1 . . . Scanalyzer . | . . . . . Garrison Access Hacks . | . . . . . Unauthorized Hacks 1 | . 1 . . . Terminals . | . . . . . Fabricators . | . . . . . Repair Stations . | . . . . . Recycling Units 1 | . 1 . . . Reject 1 | . 1 . . . Scanalyzers . | . . . . . Garrison Access . | . . . . . Data Cores Recovered . | . . . . . Used . | . . . . . Hacking Detections 3 | . 3 . . . Full Trace Events 3 | . 3 . . . Feedback Events . | . . . . . Feedback Blocked . | . . . . . Robot Schematics Acquired . | . . . . . Robots Built . | . . . . . Authchips . | . . . . . Time . | . . . . . Total Robot Build Rating . | . . . . . Part Schematics Acquired . | . . . . . Parts Built . | . . . . . Authchips . | . . . . . Time . | . . . . . Total Part Build Rating . | . . . . . Part Studies Acquired . | . . . . . Parts Repaired . | . . . . . Time . | . . . . . Parts Recycled . | . . . . . Recycled Matter . | . . . . . Retrieved Matter . | . . . . . Retrieved Components 2 | . 2 . . . Parts Scanalyzed . | . . . . . Part Schematics Acquired . | . . . . . Parts Damaged . | . . . . . Bothacking | -11 -10 -10 -10 -8 ------------ Run | Yrd Mat Min Sub Rec Used RIF Installer . | . . . . . Robots Hacked . | . . . . . Non-combat . | . . . . . Combat . | . . . . . Robot Hacks Applied . | . . . . . Relay Couplers Released . | . . . . . Fabnet Peak Effective % . | . . . . . Robots Rewired . | . . . . . Allies Hacked . | . . . . . Hacks Repelled . | . . . . . Allies | -11 -10 -10 -10 -8 -------- Run | Yrd Mat Min Sub Rec Total Allies . | . . . . . Largest Group . | . . . . . Highest-Rated Group . | . . . . . Highest-Rated Ally . | . . . . . Total Orders . | . . . . . Ally Attacks . | . . . . . Total Damage . | . . . . . Kills . | . . . . . Allies Corrupted . | . . . . . Allies Melted . | . . . . . Intel | -11 -10 -10 -10 -8 ------- Run | Yrd Mat Min Sub Rec Active Infowar (turns) 5220 | 40 508 670 4002 . Structural 5220 | 40 508 670 4002 . Robot Analysis Total 3 | . 3 . . . Derelict Logs Recovered 3 | . . 1 2 . Drone Launches . | . . . . . Drone Recoveries . | . . . . . Exploration | -11 -10 -10 -10 -8 ------------- Run | Yrd Mat Min Sub Rec Turns Passed 8530 | 79 508 670 7029 244 Spaces Moved 3119 | 35 246 406 2389 43 Core 553 | 20 4 . 486 43 Treads 2566 | 15 242 406 1903 . Legs . | . . . . . Wheels . | . . . . . Hover . | . . . . . Flight . | . . . . . Fastest Speed 50 | 50 160 160 160 550 Average Speed 234 | 144 166 160 249 550 Slowest Speed 550 | 250 550 160 550 550 Overloaded Moves . | . . . . . Propulsion Burnouts . | . . . . . Robots Hopped . | . . . . . Potential Cave-ins 1 | . . . 1 . Cave-ins Triggered 1 | . . . 1 . Exploration Rate (%) 49 | 4 42 95 95 13 Regions Visited 4 Branch Regions 3 Pre-discovered Areas 1 | . . . 1 . Known Exits Taken 4 | 1 1 1 1 . Unknown Exits Taken . | . . . . . Scrap Searched 9 | . . . 9 . Spaces Dug 42 | . . . 42 . Terrain Destroyed 48 | . . . 48 . Melee 38 | . . . 38 . Projectile 5 | . . . 5 . AOE 5 | . . . 5 . Terrain Rammed . | . . . . . Walls Destroyed . | . . . . . Machines Disabled . | . . . . . Actions | -11 -10 -10 -10 -8 --------- Run | Yrd Mat Min Sub Rec Total 4031 | 54 298 422 3205 52 Wait 627 | . 7 12 599 9 Move 3115 | 34 245 405 2388 43 Hop . | . . . . . Pick Up 31 | 8 10 2 11 . Fast Attach 4 | 2 . . 2 . Attach 17 | 5 3 . 9 . Detach 3 | . 3 . . . Swap 5 | . 1 . 4 . Drop 6 | . 4 . 2 . Fire 104 | 5 25 2 72 . Melee 117 | . . . 117 . Ram . | . . . . . Kick . | . . . . . Crush 2 | . . 1 1 . Escape Stasis . | . . . . . Rewire . | . . . . . Trap . | . . . . . Miscellaneous . | . . . . . Route ------- -11/Scrapyard -10/Materials (discovered 3 exits: *Mat / *Min x2) -10/Mines (discovered 3 exits: *Mat x2 / *Sub) -10/Subcaves (discovered 3 exits: *Mat x2 / *Rec) -8/Recycling History --------- Turn | Location | Event 10 | -11/Scrapyard | Identified exit to Materials 10 | -11/Scrapyard | Discovered exit to Materials (range 16) 80 | -11/Scrapyard | Entered Materials 80 | -10/Materials | Evolved 1 slot: Utility x1 312 | -10/Materials | Build established: Hacker-Mutant 327 | -10/Materials | Identified exit to Mines 327 | -10/Materials | Discovered exit to Mines (range 13) 446 | -10/Materials | Identified exit to Materials 446 | -10/Materials | Discovered exit to Materials (range 11) 448 | -10/Materials | Discovered exit to Mines (range 15) 588 | -10/Materials | Entered Mines 608 | -10/Mines | Discovered exit to Materials (range 15) 735 | -10/Mines | Discovered exit to Materials (range 11) 846 | -10/Mines | Learned Materials emergency access door positions 917 | -10/Mines | Found the Drone Emporium 924 | -10/Mines | Found Prototype Device 1030 | -10/Mines | Found a damaged Exp. Sensor Array with a note attached 1033 | -10/Mines | Found Prototype Device 1237 | -10/Mines | Identified exit to Subcaves 1237 | -10/Mines | Discovered exit to Subcaves (range 14) 1258 | -10/Mines | Entered Subcaves 1404 | -10/Subcaves | Learned location of 1 exit from Materials 2090 | -10/Subcaves | Identified exit to Materials 2090 | -10/Subcaves | Discovered exit to Materials (range 15) 2102 | -10/Subcaves | Shifting Twisted Machinery released Sub. Laser 2150 | -10/Subcaves | Shifting Twisted Machinery released Battle Rifle 2194 | -10/Subcaves | A swath of the cavern ceiling suddenly collapsed 2252 | -10/Subcaves | Ambushed by Subdweller buried in earth 2306 | -10/Subcaves | Shifting Twisted Machinery released Mak. Power Source 2316 | -10/Subcaves | Shifting Twisted Machinery released Piercing Trap 2340 | -10/Subcaves | Learned Materials emergency access door positions 2729 | -10/Subcaves | A swath of the cavern ceiling suddenly collapsed 3596 | -10/Subcaves | Discovered exit to Materials (range 10) 3614 | -10/Subcaves | Core integrity fell below 50% 3807 | -10/Subcaves | Visited 4L-MR0's lab 3834 | -10/Subcaves | Found Meta Core 3937 | -10/Subcaves | Identified exit to Recycling 3937 | -10/Subcaves | Discovered exit to Recycling (range 16) 4051 | -10/Subcaves | Ambushed by Subdweller buried in earth 4115 | -10/Subcaves | Visited Clippyterm 4120 | -10/Subcaves | Learned Factory trap positions 4120 | -10/Subcaves | Learned Factory stockpile data 4156 | -10/Subcaves | Disturbed a concealed Subdweller 4727 | -10/Subcaves | Ambushed by Subdweller buried in earth 4877 | -10/Subcaves | Learned location of Zion (-6) 4877 | -10/Subcaves | Met a Zionite searching for "candidates" 5579 | -10/Subcaves | Ambushed by Subdweller buried in earth 5588 | -10/Subcaves | Crushed by falling debris 5588 | -10/Subcaves | Core integrity fell below 20% 5619 | -10/Subcaves | Lost 3 parts (1n1u1w) 8287 | -10/Subcaves | Entered Recycling 8531 | -8/Recycling | Destroyed by Y-45 Defender with Beam Rifle Last Messages --------------- 08043_ System corrupted: Heat flow error (+107). 08084_ System corrupted: Component data lost. 08176_ System corrupted: Energy discharge (-42). 08194_ System corrupted: Heat flow error (+217). 08233_ System corrupted: Substantial component data lost. [Achievement: Barbarian] LOCATION=RECYCLING GOAL=ESCAPE 08335_ |MU0QOPTUKQGLJ>